AoeStats
← [RxS]_CloOud_

Arabian Desert

509454161Analyzed
1v1 RM · 6d ago on Sep 26, 2026· 17m 54s· 2 players
Game mode
Random Map
Map size
Tiny (2 player)
Population
200
Speed
Normal
Resources
Standard
Victory
Conquest
Starting age
Dark Age
Ending age
Imperial Age
RankedLock teamsTeams togetherTeam positionsShared explorationLock speedFull tech treeHidden civsTurbo modeCheats
Victory
Defeat
🇲🇽 Spanish · Mexico
1432
+14
🇫🇷 Khmer · France
1399
-14
Zetetiko
7:54 Loom
10:19 Feudal Age
[RxS]_CloOud_
7:45 Loom
9:59 Feudal Age
10:07 Man-at-Arms
11:33 Double-Bit Axe
15:38 Fletching
18:28 Padded Archer Armor
Connection lost

Rejoining the realm…

Still unreachable

The connection could not be restored.

Session expired

The server has moved on; the page needs a fresh start.